 Dungeon Crawl Stone Soup version 0.29-a0-416-g83a48905f1 (webtiles) character file.

Game seed: 5954235954555232858

407 Hubjo the Magician (level 6, 0/37 HPs)
             Began as a Deep Elf Fire Elementalist on May 16, 2022.
             Slain by a river rat (7 damage)
             ... in a sewer.
             The game lasted 00:07:11 (5423 turns).

Hubjo the Magician (Deep Elf Fire Elementalist)     Turns: 5423, Time: 00:07:12

Health: 0/37       AC:  2    Str: 11    XL:     6   Next: 57%
Magic:  8/15       EV: 12    Int: 22    God:
Gold:   148        SH:  0    Dex: 15    Spells: 13/14 levels left

rFire   . . .      SeeInvis .   j - +1 dagger (holy)
rCold   . . .      Faith    .   (no shield)
rNeg    . . .      Spirit   .   a - +0 robe
rPois   .          Reflect  .   (no helmet)
rElec   .          Harm     .   (no cloak)
rCorr   .          Rampage  .   (no gloves)
Will    .....                   (no boots)
Stlth   +++.......              (no amulet)
HPRegen 0.12/turn               m - +6 ring of strength
MPRegen 0.14/turn               (no ring)

@: no status effects
A: no striking features
a: no special abilities


You were in a sewer.
You visited 1 branch of the dungeon, and saw 4 of its levels.
You also visited: Sewer.

You collected 148 gold pieces.

Inventory:

Hand Weapons
 j - a +1 dagger of holy wrath (weapon)
 l - a +2 dagger of speed
Armour
 a - a +0 robe (worn)
Jewellery
 c - a ring of willpower
 m - a +6 ring of strength (left hand)
Scrolls
 e - a scroll of fog
 h - a scroll of immolation
 o - a scroll of poison
Potions
 b - 2 potions of magic
 d - a potion of haste {unknown}
 f - 3 potions of mutation {unknown}
 i - a potion of flight {unknown}
 k - 2 potions of attraction {unknown}
 p - a potion of brilliance {unknown}


   Skills:
 * Level 3.4 Fighting
 - Level 2.4 Dodging
 + Level 4.6 Stealth
 + Level 4.9 Spellcasting
 - Level 1.1 Conjurations
 + Level 4.6 Fire Magic


You had 13 spell levels left.
You knew the following spells:

 Your Spells              Type           Power      Damage    Failure   Level
a - Foxfire               Conj/Fire      72%        2x1d7     3%          1

Your spell library contained the following spells:

 Spells                   Type           Power      Damage    Failure   Level
 Scorch                   Fire           50%        2d8       2%          2
 Magic Dart               Conj           40%        1d5       6%          1
 Conjure Flame            Conj/Fire      18%        6-21      10%         3
 Inner Flame              Hex/Fire       15%        N/A       12%         3
 Call Imp                 Summ           5%         N/A       16%         2
 Ignite Poison            Fire/Tmut/Pois 12%        N/A       16%         3
 Dazzling Flash           Conj/Hex       14%        N/A       24%         3
 Mephitic Cloud           Conj/Pois/Air  7%         N/A       26%         3
 Flame Wave               Conj/Fire      18%        2d6       30%         4
 Freezing Cloud           Conj/Ice/Air   3%         6-21      94%         5
 Agony                    Necr           5%         N/A       96%         5
 Silence                  Hex/Air        2%         N/A       96%         5


Dungeon Overview and Level Annotations

Branches:
Dungeon (4/15)              Sewer (1/1)
 Temple: D:4-7

Altars:
Qazlal
Ru
Vehumet
Xom


Message History

You hit the river rat but do no damage.
The river rat is severely wounded.
The rat bites you. The river rat misses you.
You closely miss the river rat.
The river rat is severely wounded.
The rat barely misses you. The river rat closely misses you.
You hit the river rat but do no damage.
The river rat is severely wounded.
The rat bites you. The river rat bites you!
You barely miss the river rat.
The river rat is severely wounded.
The rat barely misses you. The river rat misses you.
You barely miss the river rat.
The river rat is severely wounded.
The rat closely misses you.
The river rat bites you but does no damage.
You barely miss the river rat.
The river rat is severely wounded.
The rat barely misses you. The river rat misses you.
You hit the river rat but do no damage.
The river rat is severely wounded.
The rat completely misses you. The river rat barely misses you.
You barely miss the river rat.
The river rat is severely wounded.
The rat completely misses you. The river rat bites you.
You barely miss the river rat.
The river rat is severely wounded.
The rat twitches its whiskers.
The rat closely misses you. The river rat bites you.
* * * LOW HITPOINT WARNING * * *
You hit the river rat but do no damage.
The river rat is severely wounded.
The rat barely misses you. The river rat bites you.
* * * LOW HITPOINT WARNING * * *
You hit the river rat but do no damage.
The river rat is severely wounded.
The rat bites you.
* * * LOW HITPOINT WARNING * * *
The river rat bites you!
You die... ############### ......r@rrr...≈ ###############

You could see a river rat and 3 rats.

Vanquished Creatures
  A phantom (D:4)
  A scorpion (D:4)
  A necrophage (D:3)
  2 orc wizards
  5 adders
  4 worms
  5 dart slugs
  10 orcs
  9 endoplasms
  4 giant cockroaches
  5 hobgoblins
  6 jackals
  7 kobolds
  3 quokkas
  6 ball pythons
  8 bats
  4 frilled lizards
  8 goblins
  5 rats
94 creatures vanquished.

Vanquished Creatures (collateral kills)
  2 foxfires (D:3)
2 creatures vanquished.

Vanquished Creatures (others)
  584 foxfires
584 creatures vanquished.

Grand Total: 680 creatures vanquished

Notes
Turn   | Place    | Note
-------+----------+-------------------------------------------
     0 | D:1      | Hubjo the Deep Elf Fire Elementalist began the quest for
                  | the Orb.
     0 | D:1      | Reached XP level 1. HP: 10/10 MP: 6/6
   102 | D:1      | Reached XP level 2. HP: 13/16 MP: 4/8
   376 | D:1      | Reached skill level 1 in Fighting
   640 | D:1      | Reached XP level 3. HP: 20/20 MP: 6/9
   772 | D:1      | Found a faded altar of an unknown god.
  1602 | D:2      | Reached XP level 4. HP: 26/26 MP: 0/11
  2987 | D:3      | Found a sacrificial altar of Ru.
  3011 | D:3      | Noticed a necrophage
  3023 | D:3      | Killed a necrophage
  3024 | D:3      | Reached XP level 5. HP: 23/31 MP: 7/13
  3704 | D:3      | Found a shimmering altar of Xom.
  4000 | D:3      | Found a radiant altar of Vehumet.
  4365 | D:3      | Found a stormy altar of Qazlal.
  4846 | D:4      | Reached XP level 6. HP: 37/37 MP: 11/14
  4920 | D:4      | Found a glowing drain.
  5403 | Sewer    | Entered a sewer
  5423 | Sewer    | Slain by a river rat

Illustrated notes

Levels and vault maps discovered:
D:1:      amcnicky_arrival_flooded_fountain, layout_basic,
          ebering_ecumenical_altar_mist
D:2:      layout_loops_cross
D:3:      layout_basic, nicolae_ru_sacrificial_ziggurat, general_overflow_altar,
          mainiacjoe_overflow_surrounded_room, mainiacjoe_overflow_catwalk,
          chequers_big_river, grunt_ministairs_13, hex_tiny,
          minmay_misc_feat_alley, minmay_stone_trees_small
D:4:      layout_cave_pools, portal_sewer_entry_b, serial_bayou_pond_e,
          grunt_decor_junction, lemuel_old_faithful
Sewer:    sewer_kobolds

Skill      XL: |  1  2  3  4  5 |
---------------+----------------+-----
Fighting       | 1 2 3 |  3.4
Stealth        | 3 4 |  4.6
Spellcasting   | 4 |  4.9
Fire Magic     | 4 |  4.6
Dodging        | |  2.4
Conjurations   | |  1.1

Action                   |  1- 3 |  4- 6 || total
-------------------------+-------+-------++-------
Melee: Dagger            |       |    20 ||    20
 Cast: Foxfire           |   128 |   225 ||   353
  Use: Potion            |     1 |       ||     1
       Scroll            |       |     7 ||     7
Armor: Robe              |     5 |     4 ||     9
Dodge: Dodged            |     7 |    39 ||    46

Table legend: (Time is in decaauts)
 A = Elapsed time spent in this place.
 B = Non-inter-level travel time spent in this place.
 C = Inter-level travel time spent in this place.
 D = Time resting spent in this place.
 E = Time spent auto-exploring this place.
 F = Levels seen in this place.
 G = Mean time per level.
                   A        B        C        D        E       F      G
               +--------+--------+--------+--------+--------+-----+--------+
         Total |   5435 |   5355 |     80 |     79 |   4429 |   5 | 1087.0 |
       Dungeon |   5415 |   5335 |     80 |     79 |   4429 |   4 | 1353.8 |
         Sewer |     19 |     19 |      0 |      0 |      0 |   1 |   19.0 |
               +--------+--------+--------+--------+--------+-----+--------+

Top non-repeatable levels by time:
     D:3: 1985 daAuts
     D:1: 1451 daAuts
     D:2: 1415 daAuts
     D:4: 562 daAuts
   Sewer: 19 daAuts
